 Dungeon Crawl Stone Soup version 0.30-a0-652-gcc886f7154 (webtiles) character file.

Game seed: 4393319623135536958

677 Dittersdorf the Trooper (level 7, -7/44 HPs)
             Began as a Gargoyle Fighter on Jan 17, 2023.
             Mangled by an orc warrior
             ... wielding a +0 great sword
              (12 damage)
             ... on level 5 of the Dungeon.
             The game lasted 00:04:33 (2989 turns).

Dittersdorf the Trooper (Gargoyle Fighter)          Turns: 2989, Time: 00:04:33

Health: -7/44      AC: 16    Str: 21    XL:     7   Next: 60%
Magic:  0/7        EV:  7    Int:  9    God:
Gold:   118        SH:  5    Dex:  9    Spells: 6/6 levels left

rFire   . . .      SeeInvis .    a - +0 flail
rCold   . . .      Faith    .    c - +0 buckler
rNeg    + . .      Spirit   +    v - +0 chain mail
rPois   ∞          Reflect  .    (no helmet)
rElec   +          Harm     .    (no cloak)
rCorr   .          Rampage  .    (no gloves)
Will    .....                    r - +0 pair of boots Stlth
                                 n - amulet of guardian spirit
HPRegen 0.27/turn                p - ring of flight
MPRegen 0.10/turn                (no ring)

@: flying
A: sickness immunity, AC +4, negative energy resistance 1, electricity
resistance, torment resistance 1, petrification resistance
a: no special abilities


You were on level 5 of the Dungeon.
You visited 1 branch of the dungeon, and saw 5 of its levels.

You collected 118 gold pieces.

Inventory:

Hand Weapons
 a - a +0 flail (weapon)
Armour
 c - a +0 buckler (worn)
 r - a +0 pair of boots (worn)
 v - a +0 chain mail (worn)
Jewellery
 n - an amulet of guardian spirit (around neck)
 p - a ring of flight (left hand)
Wands
 m - a wand of iceblast (10)
Scrolls
 d - a scroll of enchant weapon {unknown}
 e - 3 scrolls of identify {unknown}
 f - a scroll of fear {unknown}
 i - 5 scrolls of amnesia {unknown}
 k - a scroll of magic mapping {unknown}
 q - a scroll of teleportation {unknown}
 s - a scroll of vulnerability {unknown}
 t - a scroll of poison {unknown}
Potions
 b - a potion of invisibility {unknown}
 g - a potion of attraction {unknown}
 h - 2 potions of heal wounds {unknown}
 j - 3 potions of magic {unknown}
 l - 2 potions of brilliance {unknown}
 o - a potion of flight {unknown}
 u - a potion of curing {unknown}
 w - a potion of degeneration {unknown}


   Skills:
 + Level 5.5 Fighting
 + Level 4.4 Maces & Flails
 + Level 5.4 Armour
 + Level 5.4 Shields


You had 6 spell levels left.
You didn't know any spells.
Your spell library contained the following spells:

 Spells                   Type           Power      Damage    Failure   Level
 Apportation              Tloc           0%         N/A       99%         1
 Necrotise                Necr           0%         1d4       99%         1
 Summon Small Mammal      Summ           0%         N/A       99%         1


Dungeon Overview and Level Annotations

Branches:
Dungeon (6/15)
 Temple: D:4-7

Altars:


Innate Abilities, Weirdness & Mutations

You are immune to sickness and miasma.
Your stone body is resilient. (AC +4)
You are immune to poison.
You resist negative energy. (rN+)
You are resistant to electric shocks. (rElec)
You are resistant to unholy torment.
You are immune to petrification.


Message History

You closely miss the orc warrior. The orc warrior barely misses you.
The orc warrior hits you with a +0 falchion.
You barely miss the orc warrior.
The orc warrior hits you with a +0 great sword.
The orc warrior hits you but does no damage.
You hit the orc warrior but do no damage.
You block the orc warrior's attack. The orc warrior closely misses you.
The orc warrior hits you with a +0 great sword.
The orc warrior hits you but does no damage.
You barely miss the orc warrior. You block the orc warrior's attack. x2
You hit the orc warrior.
The orc warrior is lightly wounded.
The orc warrior closely misses you.
The orc warrior hits you with a +0 falchion!
You barely miss the orc warrior.
The orc warrior is lightly wounded.
The orc warrior hits you but does no damage.
You block the orc warrior's attack.
You hit the orc warrior.
The orc warrior is lightly wounded.
The orc warrior hits you with a +0 great sword!
* * * LOW HITPOINT WARNING * * *
The orc warrior barely misses you.
You are too injured to fight recklessly!
You are too injured to fight recklessly!
You are too injured to fight recklessly!
You are too injured to fight recklessly!
The orc warrior attacks as you move away!
The orc warrior barely misses you.
The orc warrior attacks as you move away!
The orc warrior hits you with a +0 great sword.
* * * LOW HITPOINT WARNING * * *
The orc warrior attacks as you move away!
You block the orc warrior's attack.
The orc warrior attacks as you move away!
The orc warrior hits you with a +0 great sword!
* * * LOW HITPOINT WARNING * * *
The orc warrior attacks as you move away!
The orc warrior hits you with a +0 great sword!
You die...

..>........~~..)...........#
...........~~~~....##......#
..........~~~......##......#
....##....~~~......##......#
....##...~~~≈~.............#
....####'..~...............#
..........~~≈~~...o........#
..........~~.~...o.........#
.........~.~~~.~@..........#
##.÷#####.~~~~..##.####...##
##..###....≈≈...##.## ...#
..........)≈≈)........ ....
..........#≈≈#........ ..
..........#≈≈###......
..........##≈≈≈#......
..........####≈#......
............ ###.....#


You could see 2 orc warriors.

Vanquished Creatures
  2 centaurs (D:5)
  A gnoll sergeant (D:6)
  3 wights (D:5)
  A hound (D:5)
  2 orc priests (D:6)
  2 orc wizards (D:6)
  3 gnolls (D:6)
  6 adders
  A shadow imp (D:5)
  3 worms
  3 dart slugs
  3 orcs (D:6)
  4 bats
  3 endoplasms
  2 giant cockroaches (D:2)
  5 goblins
  4 hobgoblins (D:1)
  4 jackals (D:2)
  2 quokkas
  5 ball pythons
  4 frilled lizards
  A kobold (D:2)
  4 rats
68 creatures vanquished.

Vanquished Creatures (others)
  24 plants (D:2)
24 creatures vanquished.

Grand Total: 92 creatures vanquished

Notes
Turn   | Place    | Note
-------+----------+-------------------------------------------
     0 | D:1      | Dittersdorf the Gargoyle Fighter began the quest for the
                  | Orb.
     0 | D:1      | Reached XP level 1. HP: 14/14 MP: 1/1
   103 | D:1      | Reached XP level 2. HP: 11/19 MP: 2/2
   734 | D:2      | Reached XP level 3. HP: 23/23 MP: 3/3
  1276 | D:2      | Reached XP level 4. HP: 28/29 MP: 4/4
  1884 | D:3      | You fall into a shaft and drop 3 floors!
  1885 | D:6      | yay!
  1922 | D:6      | Reached XP level 5. HP: 33/33 MP: 5/5
  2170 | D:6      | Reached XP level 6. HP: 3/39 MP: 1/6
  2322 | D:5      | Entered Level 5 of the Dungeon
  2510 | D:5      | Reached skill level 5 in Fighting
  2510 | D:5      | Reached skill level 5 in Armour
  2626 | D:5      | Reached skill level 5 in Shields
  2626 | D:5      | Reached XP level 7. HP: 23/44 MP: 5/7
  2989 | D:5      | Mangled by an orc warrior

Illustrated notes

..# ..# ..#
..# .. .#
#.#####.####..
#.....@.......
#######......#
#######


Turn 1885 on D:6: yay!

Levels and vault maps discovered:
D:1:      dpeg_arrival_stone_temple_mockup, layout_basic
D:2:      layout_loops_corners, grunt_ministairs_11, serial_bayou_lake_a
D:3:      layout_basic, serial_shops, shop, hex_medium
D:5:      layout_gridville, minmay_temple_entry_arrows, serial_rivers,
          chequers_serial_rivers_micro_e, chequers_serial_rivers_micro_a,
          chequers_serial_rivers_small_3, chequers_serial_rivers_micro_c,
          chequers_serial_rivers_small_b, chequers_serial_rivers_small_a,
          chequers_serial_rivers_small_a, sword_in_stone
D:6:      layout_loops_ring, mainiacjoe_overflow_paths, minmay_chambers_of_fives

Skill      XL: |  1  2  3  4  5  6 |
---------------+-------------------+-----
Fighting       | 4 5 |  5.5
Armour         | 4 5 |  5.4
Shields        | 4 5 |  5.4
Maces & Flails | 3 4 |  4.4

Action                   |  1- 3 |  4- 6 |  7- 9 || total
-------------------------+-------+-------+-------++-------
Melee: Flail             |   104 |   133 |    72 ||   309
  Use: Potion            |       |     1 |       ||     1
Armor: Scale mail        |    71 |    51 |       ||   122
       Chain mail        |       |    44 |    55 ||    99
Dodge: Dodged            |    62 |    55 |    37 ||   154
Block: Buckler           |    29 |    30 |    26 ||    85

Table legend: (Time is in decaauts)
 A = Elapsed time spent in this place.
 B = Non-inter-level travel time spent in this place.
 C = Inter-level travel time spent in this place.
 D = Time resting spent in this place.
 E = Time spent auto-exploring this place.
 F = Levels seen in this place.
 G = Mean time per level.
                   A        B        C        D        E       F      G
               +--------+--------+--------+--------+--------+-----+--------+
         Total |   3117 |   3050 |     67 |    606 |   1593 |   5 |  623.4 |
       Dungeon |   3117 |   3050 |     67 |    606 |   1593 |   5 |  623.4 |
               +--------+--------+--------+--------+--------+-----+--------+

Top non-repeatable levels by time:
     D:2: 996 daAuts
     D:1: 732 daAuts
     D:5: 692 daAuts
     D:6: 455 daAuts
     D:3: 241 daAuts
